 Dungeon Crawl Stone Soup version 0.16.2-12-gd0ad4c3 (webtiles) character file.

987 faibistes the Thaumaturge (level 7, 0/41 HPs)
             Began as a Deep Elf Wizard on Jan 23, 2019.
             Slain by faibistes' ghost (5 damage)
             ... on level 5 of the Dungeon.
             The game lasted 00:15:07 (5669 turns).

faibistes the Thaumaturge (Deep Elf Wizard)         Turns: 5669, Time: 00:15:07

Health: 0/41       AC:  3    Str:  4    XL:     7   Next: 97%
Magic:  11/26      EV: 14    Int: 28    God:
Gold:   204        SH:  0    Dex: 13    Spells: 6 memorised, 9 levels left

rFire  . . .     SeeInvis .     D - +1 rapier (flame)
rCold  . . .     Clarity  .     a - +0 robe
rNeg   . . .     SustAb   .     (no shield)
rPois  .         Gourm    .     b - +0 hat
rElec  .         Spirit   .     i - +0 cloak
rCorr  +         Warding  .     (no gloves)
rMut   .         Stasis   .     (no boots)
MR     .....                    v - amulet of resist corrosion
Stlth  +.........               (no ring)
                                x - +3 ring of intelligence

@: confused, flying, very slightly contaminated, repel missiles, not resistant
to hostile enchantments, very unstealthy
A: no striking features
a: no special abilities


You were on level 5 of the Dungeon.
You were hungry.

You visited 1 branch of the dungeon, and saw 6 of its levels.

You collected 204 gold pieces.

Inventory:

Hand weapons
 e - a +0 short sword
 m - a +0 dagger
 w - the +7 spear "Leosm" {pierce, +Rage rPois rN+ MP+9 Str-4}
   (You found it on level 5 of the Dungeon)

   It inflicts extra damage upon your enemies.
   It affects your strength (-4).
   It protects you from poison.
   It protects you from negative energy.
   It affects your magic capacity (+9).
   It lets you go berserk.
 D - a +1 rapier of flaming (weapon)
Armour
 a - a +0 robe (worn)
 b - a +0 hat (worn)
 i - a +0 cloak (worn)
Jewellery
 k - an uncursed amulet of resist mutation
 v - an amulet of resist corrosion (around neck)
 x - a +3 ring of intelligence (left hand)
Magical devices
 r - a wand of flame (23)
Scrolls
 g - a scroll of enchant armour {unknown}
 j - 3 scrolls of magic mapping {unknown}
 n - 3 scrolls of enchant weapon {unknown}
 q - 4 scrolls of remove curse {unknown}
 s - 2 scrolls of random uselessness {unknown}
 t - a scroll of teleportation {unknown}
 y - a scroll of immolation {unknown}
 B - a scroll of torment {unknown}
Potions
 f - a potion of agility
 h - 2 potions of heal wounds
 o - a potion of cancellation
 z - a potion of brilliance {unknown}
Books
 c - a book of Minor Magic

   Spells                             Type                      Level
   a - Magic Dart                     Conjuration                  1
   b - Blink                          Translocation                2
   c - Call Imp                       Summoning                    2
   d - Repel Missiles                 Charms/Air                   2
   e - Slow                           Hexes                        2
   f - Conjure Flame                  Conjuration/Fire             3
   g - Mephitic Cloud                 Conjuration/Poison/Air       3
Comestibles
 d - 4 bread rations
 p - 2 slices of pizza
 A - a meat ration


   Skills:
 * Level 3.0 Fighting
 + Level 5.2 Dodging
 - Level 2.4 Stealth
 * Level 8.4 Spellcasting
 - Level 3.8 Conjurations
 - Level 1.1 Summonings
 - Level 2.2 Translocations
 + Level 2.9 Evocations


You had 9 spell levels left.
You knew the following spells:

 Your Spells              Type           Power        Failure   Level  Hunger
a - Magic Dart            Conj           ####         1%          1    None
b - Conjure Flame         Conj/Fire      ###.....     8%          3    None
c - Call Imp              Summ           ###.....     6%          2    None
d - Blink                 Tloc           N/A          3%          2    None
e - Mephitic Cloud        Conj/Pois/Air  ###.....     12%         3    None
f - Repel Missiles        Chrm/Air       ##....       10%         2    None


Dungeon Overview and Level Annotations

Branches:
Dungeon (6/15)
 Temple: D:4-7

Altars:

Annotations:
D:5 Natasha; faibistes' ghost, experienced DEWz


Message History

Faibistes' ghost closely misses you.
You are engulfed in noxious fumes.
You choke on the stench!
You are more confused.
Your crimson imp hits faibistes' ghost.
Faibistes' ghost casts a spell.
Faibistes' ghost blinks!
You are engulfed in noxious fumes.
You choke on the stench!
You are more confused.
* * * LOW HITPOINT WARNING * * *
Your crimson imp blinks!
Faibistes' ghost casts a spell at you.
The ball explodes into a vile cloud!
The stinking cloud engulfs you!
You are engulfed in noxious fumes.
The adder misses you. The adder bites you.
* * * LOW HITPOINT WARNING * * *
You are engulfed in noxious fumes.
You choke on the stench!
You are more confused.
* * * LOW HITPOINT WARNING * * *
Faibistes' ghost hits you.
You die...

.........#.## ###........
.........#.# #........
........#.# #........
######+#####.# #........
+............# #........
#............## #........
#...........5§####+####≈#......>.
#............≈≈≈≈≈.§≈§§≈§........
#.............'S@................
##.###..###...#§.W...............
##.###..###...#..................
....'...+.....#..................
....#...#.....'..................
.(..#...#.....#..................
###.##.###+####..................
###.##+#.........................
.......#..................[......


You could see faibistes' ghost, an adder and a friendly crimson imp.

Vanquished Creatures
  Grinder (D:3)
  Eustachio (D:5)
  A water moccasin (D:3)
  Sigmund (D:3)
  A centaur (D:5)
  3 hounds (D:4)
  Crazy Yiuf (D:3)
  Ijyb (D:2)
  Jessica (D:2)
  Terence (D:3)
  10 gnolls
  4 adders
  3 giant mites
  A worm (D:2)
  2 oozes
  5 orcs (D:3)
  10 bats
  5 hobgoblins
  A quokka (D:2)
  2 ball pythons
  4 giant cockroaches
  5 giant geckos
  5 giant newts
  6 goblins
  5 jackals
  A jackal skeleton (D:4)
  14 kobolds
  11 rats
  A fungus (D:3)
107 creatures vanquished.

Vanquished Creatures (others)
  A shadow imp (D:5)
  A white imp (D:5)
2 creatures vanquished.

Grand Total: 109 creatures vanquished

Notes
Turn   | Place    | Note
--------------------------------------------------------------
     0 | D:1      | faibistes, the Deep Elf Wizard, began the quest for the Orb.
     0 | D:1      | Reached XP level 1. HP: 10/10 MP: 6/6
   434 | D:1      | Reached XP level 2. HP: 9/15 MP: 0/9
   501 | D:1      | Learned a level 2 spell: Blink
   504 | D:1      | Learned a level 2 spell: Call Imp
   768 | D:1      | Reached XP level 3. HP: 16/19 MP: 5/13
   828 | D:1      | Learned a level 3 spell: Conjure Flame
   832 | D:1      | Learned a level 3 spell: Mephitic Cloud
  1344 | D:1      | Reached skill level 5 in Spellcasting
  1507 | D:2      | Reached XP level 4. HP: 24/24 MP: 6/17
  1746 | D:1      | Learned a level 2 spell: Repel Missiles
  2038 | D:2      | Noticed Ijyb
  2057 | D:2      | Killed Ijyb
  2188 | D:2      | Noticed Jessica
  2192 | D:2      | Killed Jessica
  2192 | D:2      | Reached XP level 5. HP: 28/28 MP: 10/20
  2429 | D:3      | Noticed Sigmund
  2523 | D:3      | Killed Sigmund
  2523 | D:3      | Reached skill level 6 in Spellcasting
  2620 | D:5      | Entered Level 5 of the Dungeon
  3060 | D:3      | Reached XP level 6. HP: 32/32 MP: 17/22
  3087 | D:3      | Noticed Terence
  3088 | D:3      | Noticed Grinder
  3102 | D:3      | Killed Grinder
  3102 | D:3      | Reached skill level 1 in Fighting
  3102 | D:3      | Reached skill level 7 in Spellcasting
  3102 | D:3      | Reached skill level 1 in Evocations
  3420 | D:3      | Noticed a water moccasin
  3432 | D:3      | Killed a water moccasin
  3432 | D:3      | Reached XP level 7. HP: 37/39 MP: 13/25
  3790 | D:3      | Killed Terence
  3970 | D:3      | Noticed Crazy Yiuf
  3978 | D:3      | Killed Crazy Yiuf
  4692 | D:4      | Reached skill level 5 in Dodging
  5023 | D:5      | Got a translucent spear
  5024 | D:5      | Lost strength.
  5024 | D:5      | Identified the +7 spear "Leosm" {pierce, +Rage rPois rN+ MP+9 Str-4} (You found it on level 5 of the Dungeon)
  5073 | D:5      | Noticed Eustachio
  5084 | D:5      | Killed Eustachio
  5084 | D:5      | Reached skill level 8 in Spellcasting
  5227 | D:5      | Noticed a centaur
  5234 | D:5      | Killed a centaur
  5320 | D:5      | Noticed faibistes' ghost (experienced DEWz)
  5337 | D:5      | Noticed Natasha
  5669 | D:5      | Slain by faibistes' ghost

Action                   |  1- 3 |  4- 6 |  7- 9 || total
-------------------------+-------+-------+-------++-------
Melee: Unarmed           |     1 |       |       ||     1
       Dagger            |     2 |     6 |    39 ||    47
       Rapier            |       |       |    10 ||    10
 Cast: Magic Dart        |    68 |   109 |   102 ||   279
       Blink             |     3 |       |     2 ||     5
       Mephitic Cloud    |     2 |     6 |     5 ||    13
       Conjure Flame     |     2 |     6 |     5 ||    13
       Repel Missiles    |       |     2 |       ||     2
       Call Imp          |       |       |    11 ||    11
Evoke: Wand              |       |       |     4 ||     4
  Use: Potion            |       |     1 |     2 ||     3
       Scroll            |       |     3 |     2 ||     5
 Stab: Confused          |     2 |     1 |       ||     3
  Eat: Chunk             |     2 |     5 |     7 ||    14
